 Dungeon Crawl Stone Soup version 5.7-8-g3a8b389 (webtiles) character file.

1381 Sir the Spear-Bearer (level 9, -1/61 HPs)
             Began as a Demonspawn Skald on Sept 6, 2018.
             Was a Believer of Yredelemnul.
             Killed from afar by an electric eel (6 damage)
             ... with a bolt of electricity
             ... on level 8 of the Dungeon.
             The game lasted 00:17:17 (6284 turns).

Sir the Spear-Bearer (Demonspawn Skald)             Turns: 6284, Time: 00:17:19

Health: -1/61      AC: 15 (19%)Str: 23  XL:     9   Next: 98%
Magic:  9/9        EV: 11    Int: 20    God:    Yredelemnul [2*[63]]
Gold:   448        SH:  6    Dex: 14    Spells: 6/17 levels left

rFire    + . .     SeeInvis .   C - +0 halberd
rCold    . . .     Faith    .   (shield currently unavailable)
rNeg     . . .     Spirit   .   u - +0 troll leather armour
rPois    .         Reflect  .   (helmet restricted)
rElec    .                      d - +0 cloak {MR+}
rCorr    .                      n - +0 pair of gloves
MR       +....                  s - +0 pair of boots
Stlth    +.........             (no amulet)
Regen    1.1/turn               i - +5 ring of strength
MPRegen  0.2/turn               m - +5 ring of intelligence

@: regenerating
A: horns 1, talons 2, molten scales 3, blink, deformed body, icemail 1, low mp
2, strong, crystal skin
a: End Regeneration, Blink, Recall Enslaved Soul, Injury Mirror, Enslave Soul,
Renounce Religion


You were on level 8 of the Dungeon.
You worshipped Yredelemnul.
Yredelemnul was pleased with you.
You were not hungry.

You visited 1 branch of the dungeon, and saw 8 of its levels.
You also visited: Sewer.

You collected 448 gold pieces.

Inventory:

Hand Weapons
 a - a +0 spear
 C - a +0 halberd (weapon)
 I - the +3 spear of the King {vamp, *Rage rPois Str+2}
   (You found it on level 7 of the Dungeon)

   It inflicts no extra harm, but heals its wielder somewhat when it strikes a
   living foe.
   It affects your strength (+2).
   It protects you from poison.
   It may make you go berserk in combat.
Missiles
 c - 110 tomahawks (quivered)
 y - 14 frenzy darts
Armour
 b - a +0 leather armour
 d - a +0 cloak of magic resistance (worn)
 h - a +1 ring mail of magic resistance
 j - a +2 ring mail of poison resistance
 n - a +0 pair of gloves (worn)
 s - a +0 pair of boots (worn)
 u - a +0 troll leather armour (worn)
Jewellery
 i - a +5 ring of strength (left hand)
 m - a +5 ring of intelligence (right hand)
 o - an uncursed ring of poison resistance
 D - an uncursed ring of protection from magic
Wands
 f - a wand of paralysis (3)
 A - a wand of confusion (7)
 E - a wand of lightning (9)
 G - a wand of disintegration (4)
Scrolls
 g - 6 scrolls of fear
 l - 3 scrolls of fog
 p - a scroll of enchant armour
 q - a scroll of enchant weapon
 t - 5 scrolls of teleportation
 v - 6 scrolls of blinking
 w - a scroll of silence
 F - a scroll of magic mapping
Potions
 e - a potion of berserk rage
 k - a potion of magic
 r - 5 potions of ambrosia
 x - a potion of flight
 z - 2 potions of augmentation
 B - a potion of lignification
 H - a potion of invisibility


   Skills:
 - Level 2.0 Fighting
 * Level 9.4 Polearms
 - Level 4.2 Armour
 - Level 0.8 Dodging
 + Level 7.5 Charms
 + Level 7.2 Invocations


You had 6 spell levels left.
You knew the following spells:

 Your Spells              Type           Power        Failure   Level  Hunger
a - Infusion              Chrm           25 (25)      1%          1    N/A
b - Regeneration          Chrm/Necr      15 (200)     14%         3    N/A
c - Song of Slaying       Chrm           30 (100)     1%          2    N/A
d - Spectral Weapon       Chrm/Summ      15 (100)     78%         5    N/A

Your spell library contained the following spells:

 Spells                   Type           Power        Failure   Level  Hunger
 Freezing Cloud           Ice/Air        0 (200)      100%        6    N/A
 Ozocubu's Refrigeration  Ice            0 (200)      100%        7    N/A
 Summon Ice Beast         Ice/Summ       0 (100)      91%         4    N/A
 Ozocubu's Armour         Chrm/Ice       15 (100)     43%         4    N/A
 Ice Form                 Ice/Tmut       0 (100)      91%         4    N/A

Dungeon Overview and Level Annotations

Branches:
Dungeon (8/15)

Altars:
Cheibriados
Dithmenos
Elyvilon
Gozag
Jiyva
Kikubaaqudgha
Lugonu
Makhleb
Nemelex Xobeh
Okawaru
Qazlal
Ru
Sif Muna
Trog
Uskayaw
Vehumet
Wu Jian
Yredelemnul
Zin
The Shining One


Innate Abilities, Weirdness & Mutations

You have razor-sharp toenails.
You are completely covered in molten scales. (AC +4, rF+)
A meltable icy envelope protects you from harm. (AC +5)
Your crystalline skin blocks enemy attacks. (SH +6)
You have a pair of small horns on your head.
You can translocate small distances at will.
Armour fits poorly on your strangely shaped body.
Your magical capacity is very low. (-20% MP)
Your muscles are strong. (Str +5)


Message History

The bolt of electricity hits the electric eel (0).
The electric eel completely resists.
You slash the electric eel (8)! You headbutt the electric eel (7)!
The electric eel is almost dead.
The electric eel barely misses you.
The electric eel shoots out a bolt of lightning at you!
The bolt of electricity hits you!
That hurt (8)!
You open the door.
The orc warrior hits you from afar with a +0 halberd (10)!
* * * LOW HITPOINT WARNING * * *
There is an open door here.
You hit the electric eel but do no damage.
The electric eel is almost dead.
You block the orc warrior's attack.
The electric eel shoots out a bolt of lightning at you!
The bolt of electricity hits you!
That hurt (11)!
* * * LOW HITPOINT WARNING * * *
The bolt of electricity hits you!
That hurt (6)!
You die...
Your body rises from the dead as a mindless zombie.

# ####
#.##.o###
##..@;g..+
#≈≈≈≈≈≈≈≈≈g.#
#≈##≈≈≈##≈.g#
######≈#.#
#.=.#≈≈g##
#=.g#≈≈g# #
#.g.#≈≈.# #≈
##)###≈.#
#≈##≈)≈##≈.#


You could see an orc warrior, an electric eel and 5 gnolls.

Vanquished Creatures
  Pikel (D:4)
  A black mamba skeleton (D:6)
  An angry ghost (D:7)
  Menkaure (D:5)
  Edmund (D:4)
  A spiny frog zombie (D:6)
  Purgy (Sewer)
  A slave (D:4)
  An orc warrior (D:6)
  6 ice beasts
  2 centaurs
  3 ogres
  2 gnoll sergeants
  A bullfrog (D:7)
  3 scorpions
  5 howler monkeys
  2 quasits
  2 hounds (D:7)
  2 jellies
  2 orc priests
  A centaur skeleton (D:7)
  A bullfrog skeleton (D:7)
  4 orc wizards
  Jessica (D:3)
  4 worker ants
  An iguana (D:7)
  A killer bee zombie (D:6)
  3 hound zombies
  A howler monkey skeleton (D:5)
  11 adders
  3 gnolls (D:6)
  2 shadow imps (D:6)
  An ooze (D:7)
  4 dart slugs
  5 orcs
  5 quokkas
  3 ball pythons
  6 bats
  2 giant cockroaches
  4 goblins
  5 hobgoblins
  7 jackals
  4 frilled lizards
  8 kobolds
  6 rats
132 creatures vanquished.

Vanquished Creatures (collateral kills)
  A wyvern zombie (D:7)
  A crimson imp (D:7)
  3 howler monkeys (D:7)
  A hound (D:7)
  An iguana (D:7)
7 creatures vanquished.

Vanquished Creatures (others)
  A quokka (D:4)
1 creature vanquished.

Grand Total: 140 creatures vanquished

Notes
Turn   | Place    | Note
-------+----------+-------------------------------------------
     0 | D:1      | Sir the Demonspawn Skald began the quest for the Orb.
     0 | D:1      | Reached XP level 1. HP: 16/16 MP: 2/2
    38 | D:1      | Reached skill level 2 in Polearms
   308 | D:1      | Reached skill level 1 in Invocations
   308 | D:1      | Gained mutation: A meltable icy envelope protects you from harm. (AC +5) [demonic ancestry]
   308 | D:1      | Reached XP level 2. HP: 15/22 MP: 3/3
   763 | D:1      | Gained mutation: You are partially covered in molten scales. (AC +2) [demonic ancestry]
   763 | D:1      | Reached XP level 3. HP: 25/27 MP: 5/5
  1343 | D:2      | Reached skill level 3 in Polearms
  1451 | D:2      | Reached XP level 4. HP: 33/33 MP: 7/7
  1592 | D:2      | Found a hide-covered altar of Uskayaw.
  1629 | D:2      | Found a sacrificial altar of Ru.
  1643 | D:2      | Found a basalt altar of Yredelemnul.
  1648 | D:2      | Found a sparkling altar of Nemelex Xobeh.
  1651 | D:2      | Became a worshipper of Yredelemnul the Dark
  1708 | D:2      | Found a corrupted altar of Lugonu.
  1961 | D:2      | Gained mutation: You are frail. (-10% HP) [mutagenic hatch]
  2104 | D:3      | Learned a level 3 spell: Regeneration
  2214 | D:3      | Gained mutation: Your crystalline skin blocks enemy attacks. (SH +6) [demonic ancestry]
  2214 | D:3      | Reached XP level 5. HP: 14/34 MP: 9/9
  2411 | D:3      | Found an ancient bone altar of Kikubaaqudgha.
  2525 | D:3      | Noticed Jessica
  2547 | D:3      | Killed Jessica
  2547 | D:3      | Reached skill level 4 in Polearms
  2548 | D:3      | Noticed a wyvern
  2804 | D:4      | Gained mutation: You are mostly covered in molten scales. (AC +3) [demonic ancestry]
  2804 | D:4      | Reached XP level 6. HP: 35/39 MP: 11/11
  2926 | D:4      | Found a burning altar of Makhleb.
  2946 | D:4      | Reached skill level 1 in Armour
  3118 | D:4      | Reached skill level 5 in Polearms
  3118 | D:4      | Reached skill level 5 in Charms
  3118 | D:4      | Gained mutation: You are completely covered in molten scales. (AC +4, rF+) [demonic ancestry]
  3118 | D:4      | Reached XP level 7. HP: 21/45 MP: 12/12
  3374 | D:4      | Found a snail-covered altar of Cheibriados.
  3376 | D:4      | Found a bloodstained altar of Trog.
  3378 | D:4      | Found a shadowy altar of Dithmenos.
  3420 | D:4      | Noticed Pikel
  3696 | D:4      | Killed Pikel
  3696 | D:4      | Reached skill level 6 in Polearms
  3858 | D:4      | Lost mutation: You are frail. (-10% HP) [potion of mutation]
  3858 | D:4      | Gained mutation: Your muscles are strong. (Str +5) [potion of mutation]
  3858 | D:4      | Gained mutation: Armour fits poorly on your strangely shaped body. [potion of mutation]
  3858 | D:4      | Gained mutation: You can translocate small distances at will. [potion of mutation]
  3975 | D:4      | Noticed Edmund
  4007 | D:4      | Killed Edmund
  4007 | D:4      | Gained mutation: You have sharp toenails. [demonic ancestry]
  4007 | D:4      | Reached XP level 8. HP: 45/56 MP: 8/8
  4026 | D:4      | Found a white marble altar of Elyvilon.
  4026 | D:4      | Found a stormy altar of Qazlal.
  4069 | D:4      | Found a white marble altar of Elyvilon.
  4179 | D:4      | Gained mutation: Your magical capacity is low. (-10% MP) [mutagenic hatch]
  4179 | D:5      | Entered Level 5 of the Dungeon
  4194 | D:5      | Found a glowing drain.
  4202 | D:5      | Found a shadowy altar of Dithmenos.
  4247 | Sewer    | Entered a sewer
  4274 | Sewer    | Reached * piety under Yredelemnul
  4286 | Sewer    | Noticed Purgy
  4311 | Sewer    | Killed Purgy
  4690 | D:5      | Noticed Menkaure
  4784 | D:5      | Killed Menkaure
  4824 | D:5      | Reached skill level 7 in Polearms
  4950 | D:5      | Found an opulent altar of Gozag.
  4950 | D:5      | Found a radiant altar of Vehumet.
  4950 | D:5      | Found a glowing silver altar of Zin.
  4950 | D:5      | Found a deep blue altar of Sif Muna.
  4950 | D:5      | Found an ornate altar of the Wu Jian Council.
  4950 | D:5      | Found an iron altar of Okawaru.
  4951 | D:5      | Found a viscous altar of Jiyva.
  5275 | D:6      | Gained mutation: You have razor-sharp toenails. [demonic ancestry]
  5275 | D:6      | Reached XP level 9. HP: 9/61 MP: 10/10
  5317 | D:6      | Learned a level 2 spell: Song of Slaying
  5318 | D:6      | Learned a level 5 spell: Spectral Weapon
  5411 | D:6      | Reached skill level 5 in Invocations
  5422 | D:6      | Reached skill level 8 in Polearms
  5668 | D:6      | Found a glowing golden altar of the Shining One.
  5706 | D:6      | Gained mutation: Your magical capacity is very low. (-20% MP) [mutagenic hatch]
  5723 | D:7      | Reached ** piety under Yredelemnul
  5911 | D:7      | Reached skill level 9 in Polearms
  6102 | D:7      | Got the +3 spear of the King {vamp, *Rage rPois Str+2}
  6227 | D:7      | Gained mutation: You have a pair of small horns on your head. [mutagenic hatch]
  6284 | D:8      | Killed from afar by an electric eel

Skill      XL: |  1  2  3  4  5  6  7  8  9 |
---------------+----------------------------+-----
Polearms       | 2 3 4 5 6 7 9 |  9.4
Invocations    | 1 2 3 4 7 |  7.2
Charms         | 4 5 6 7 |  7.5
Armour         | 1 3 4 |  4.2
Fighting       | |  2.0
Dodging        | |  0.8

Action                   |  1- 3 |  4- 6 |  7- 9 || total
-------------------------+-------+-------+-------++-------
Melee: Spear             |   165 |   270 |   331 ||   766
       Halberd           |       |       |   269 ||   269
       Headbutt          |       |       |     1 ||     1
 Cast: Regeneration      |       |       |     1 ||     1
Invok: Enslave Soul      |       |       |     1 ||     1
  Use: Potion            |       |     1 |     1 ||     2
       Scroll            |       |       |     1 ||     1
 Stab: Distracted        |       |       |     1 ||     1
Armor: Leather armour    |    41 |       |       ||    41
       Ring mail         |    32 |   159 |    91 ||   282
       Troll leather arm |       |       |   155 ||   155
Dodge: Dodged            |    70 |   167 |   269 ||   506
Block: Other             |       |    65 |   149 ||   214
